 Dungeon Crawl Stone Soup version 0.23.2-33-g5129a83184 (console) character file.

Game seed: 12003375777136784668

5621 FlyingSalmon the Impaler (level 10, -5/80 HPs)
             Began as a Merfolk Gladiator on July 27, 2019.
             Was a Follower of the Shining One.
             Slain by a troll (12 damage)
             ... on level 10 of the Dungeon.
             The game lasted 00:34:45 (9424 turns).

FlyingSalmon the Impaler (Merfolk Gladiator)        Turns: 9424, Time: 00:34:46

Health: -5/80      AC:  9    Str: 18    XL:     10   Next: 73%
Magic:  10/10      EV: 15    Int:  8    God:    the Shining One [*.....]
Gold:   520        SH:  0    Dex: 15    Spells: 9/9 levels left

rFire    . . .     SeeInvis .   a - +0 trident
rCold    + . .     Gourm    .   (no shield)
rNeg     + . .     Faith    .   M - +1 ring mail {rN+}
rPois    .         Spirit   .   P - +0 helmet (curse)
rElec    .         Reflect  .   w - +0 cloak
rCorr    .         Harm     .   (no gloves)
MR       .....                  (no boots)
Stlth    +.........             (no amulet)
HPRegen  0.23/turn              H - ring of protection from cold
MPRegen  0.12/turn              m - +4 ring of slaying

@: glowing
A: change form in water, swift swim, stealthy swim
a: Renounce Religion


You were on level 10 of the Dungeon.
You worshipped the Shining One.
The Shining One was aware of your devotion.
You were not hungry.

You visited 2 branches of the dungeon, and saw 11 of its levels.
You also visited: Ossuary and Bailey.

You collected 546 gold pieces.
You spent 26 gold pieces at shops.

Inventory:

Hand Weapons
 a - a +0 trident (weapon)
Missiles
 e - 386 stones (quivered)
 g - a throwing net
Armour
 b - a +0 leather armour
 v - a +0 scale mail
 w - a +0 cloak (worn)
 I - a +0 plate armour
 M - a +1 ring mail of positive energy (worn)
 P - a cursed +0 helmet (worn)
Jewellery
 m - a +4 ring of slaying (right hand)
 H - a ring of protection from cold (left hand)
Wands
 i - a wand of iceblast (7)
 l - a wand of digging (10)
 B - a wand of flame (10)
Scrolls
 d - 2 scrolls of enchant weapon
 k - 2 scrolls of random uselessness
 q - a scroll of remove curse
 t - 2 scrolls of magic mapping
 u - a scroll of immolation {unknown}
 y - 2 scrolls of enchant armour {unknown}
 A - 2 scrolls of teleportation {unknown}
 C - 2 scrolls of amnesia {unknown}
 F - 3 scrolls of fear {unknown}
 G - 2 scrolls of blinking {unknown}
 N - a scroll of fog {unknown}
Potions
 h - 2 potions of haste {unknown}
 n - 6 potions of lignification
 o - 2 potions of degeneration
 p - 2 potions of mutation
 r - 2 potions of magic {unknown}
 s - a potion of cancellation {unknown}
 x - 4 potions of brilliance
 z - 2 potions of resistance {unknown}
 D - 3 potions of flight
 E - a potion of ambrosia {unknown}
 J - 3 potions of heal wounds {unknown}
 K - a potion of agility {unknown}
Comestibles
 f - 18 rations


   Skills:
 + Level 7.9 Fighting
 + Level 15.0 Polearms
 - Level 2.4 Throwing
 + Level 5.6 Armour
 + Level 7.5 Dodging


You had 9 spell levels left.
You didn't know any spells.
Your spell library contained the following spells:

 Spells                   Type           Power        Failure   Level  Hunger
 Summon Small Mammal      Summ           #...         58%         1    ##.....
 Call Imp                 Summ           #.......     73%         2    ###....
 Call Canine Familiar     Summ           #.......     91%         3    ####...
 Summon Guardian Golem    Hex/Summ       #.......     91%         3    ####...
 Summon Ice Beast         Ice/Summ       #.......     100%        4    #####..
 Summon Lightning Spire   Summ/Air       #.......     100%        4    #####..


Dungeon Overview and Level Annotations

Branches:
Dungeon (10/15)            Temple (1/1) D:6            Lair (0/6) D:8
    Orc: D:9-12

Altars:
Ashenzari
Cheibriados
Dithmenos
Elyvilon
Fedhas
Gozag
Hepliaklqana
Kikubaaqudgha
Makhleb
Nemelex Xobeh
Okawaru
Qazlal
Ru
Sif Muna
Trog
Uskayaw
Vehumet
Wu Jian
Xom
Yredelemnul
Zin
The Shining One

Shops:
D:5 (   D:6 ?

Annotations:
D:5 2 transporters
D:6 5 runed translucent doors, Ykky's ghost, novice VSGl


Message History

* * * LOW HITPOINT WARNING * * *
Your ring mail prevents you from hitting the gargoyle.
The gargoyle is almost destroyed.
The gargoyle hits you with a +0 dire flail.
* * * LOW HITPOINT WARNING * * *
You hit the gargoyle but do no damage.
The gargoyle is almost destroyed.
The troll bites you but does no damage. The troll completely misses you.
The troll misses you.
You hit the gargoyle but do no damage.
The gargoyle is almost destroyed.
The gargoyle misses you.
You hit the gargoyle but do no damage.
The gargoyle is almost destroyed.
The troll bites you but does no damage. The troll barely misses you.
The troll closely misses you.
You hit the gargoyle but do no damage.
The gargoyle is almost destroyed.
The gargoyle hits you but does no damage.
The troll bites you!
You die...

### # ....#
.#### #.#.# .#
.....##.#.##(#
#.......(.(.#
.......T..#
#@# #9#
!......o...#
......#.##.#
.###.##(. # #.
.(# # #(# #.#
...


You could see a troll, a gargoyle and an orc.

Vanquished Creatures
  An orc knight (Bailey)
  Maurice (D:8)
  Joseph (D:7)
  A troll (D:9)
  A hippogriff (D:10)
  A spriggan (D:8)
  Menkaure (D:7)
  A water moccasin (D:5)
  4 orc warriors
  A black bear (D:8)
  An ogre (D:4)
  A necrophage (D:5)
  6 centaurs
  A crocodile (D:8)
  7 bullfrogs
  5 scorpions
  9 killer bees
  3 howler monkeys
  A crimson imp (D:8)
  2 quasits
  2 jellies (D:8)
  2 bullfrog skeletons
  8 hounds
  4 orc priests
  Jessica (D:2)
  5 orc wizards
  Terence (D:2)
  A worker ant (D:7)
  6 iguanas
  3 big kobold zombies (Ossuary)
  3 hound skeletons
  2 mummies
  A howler monkey zombie (D:6)
  A gnoll (Bailey)
  11 adders
  2 adder zombies
  4 worms
  3 dart slugs
  6 leopard geckos
  34 orcs
  2 spectral bats (Ossuary)
  7 giant cockroaches
  13 goblins
  10 hobgoblins
  6 jackals
  4 quokkas
  9 bats
  2 bat simulacra (Ossuary)
  6 frilled lizards
  9 gnoll zombies (Ossuary)
  5 goblin simulacra (Ossuary)
  6 goblin zombies (Ossuary)
  5 hobgoblin zombies (Ossuary)
  2 jackal skeletons
  21 kobolds
  5 kobold simulacra (Ossuary)
  A kobold zombie (Ossuary)
  A leopard gecko zombie (D:5)
  6 orc zombies (Ossuary)
  A quokka zombie (D:5)
  4 rats
  2 rat simulacra (Ossuary)
  2 spectral goblins (Ossuary)
  3 spectral rats (Ossuary)
281 creatures vanquished.

Vanquished Creatures (others)
  A human (D:3)
  3 fungi
  3 plants (D:6)
7 creatures vanquished.

Grand Total: 288 creatures vanquished

Notes
Turn   | Place    | Note
-------+----------+-------------------------------------------
     0 | D:1      | FlyingSalmon the Merfolk Gladiator began the quest for the
                  | Orb.
     0 | D:1      | Reached XP level 1. HP: 16/16 MP: 1/1
    62 | D:1      | Reached XP level 2. HP: 19/22 MP: 2/2
   149 | D:1      | Reached skill level 5 in Polearms
   288 | D:1      | Reached XP level 3. HP: 27/27 MP: 3/3
   699 | D:2      | Found a deep blue altar of Sif Muna.
   773 | D:2      | Noticed Jessica
   780 | D:2      | Killed Jessica
   780 | D:2      | Reached skill level 6 in Polearms
   780 | D:2      | Reached XP level 4. HP: 33/34 MP: 4/4
  1150 | D:2      | Found a bloodstained altar of Trog.
  1194 | D:2      | Found a shattered altar of Ashenzari.
  1194 | D:2      | Found a shimmering altar of Xom.
  1196 | D:2      | Found a sparkling altar of Nemelex Xobeh.
  1196 | D:2      | Found an ancient bone altar of Kikubaaqudgha.
  1196 | D:2      | Found a sacrificial altar of Ru.
  1230 | D:2      | Noticed Terence
  1245 | D:2      | Killed Terence
  1245 | D:2      | Reached XP level 5. HP: 40/40 MP: 5/5
  1639 | D:3      | Reached skill level 1 in Armour
  1828 | D:3      | Reached skill level 7 in Polearms
  1928 | D:3      | Found an ancient bone altar of Kikubaaqudgha.
  1934 | D:3      | Noticed a human
  1935 | D:3      | Killed a human
  2432 | D:4      | Reached XP level 6. HP: 47/47 MP: 6/6
  2468 | D:4      | Reached skill level 8 in Polearms
  2485 | D:4      | Reached skill level 5 in Dodging
  2499 | D:4      | Reached XP level 7. HP: 17/52 MP: 7/7
  2694 | D:4      | Found a sacrificial altar of Ru.
  2732 | D:4      | Found an iron altar of Okawaru.
  2789 | D:4      | Reached skill level 9 in Polearms
  2879 | D:4      | Found a sand-covered staircase.
  2965 | Ossuary  | Entered an ossuary
  3610 | D:5      | Entered Level 5 of the Dungeon
  3673 | D:5      | Found a transporter.
  3681 | D:5      | Found a radiant altar of Vehumet.
  3823 | D:5      | Found Gerohih's Weapon Emporium.
  3847 | D:5      | Reached skill level 10 in Polearms
  3891 | D:5      | Found a white marble altar of Elyvilon.
  3895 | D:5      | Reached XP level 8. HP: 61/61 MP: 8/8
  3993 | D:5      | Found a transporter.
  4175 | D:6      | Found Xeji's Magic Scroll Boutique.
  4213 | D:6      | Bought a scroll of identify for 26 gold pieces
  4262 | D:5      | Reached skill level 11 in Polearms
  4458 | D:5      | Reached skill level 5 in Fighting
  5385 | D:6      | Found a runed translucent door.
  5386 | D:6      | Found a runed translucent door.
  5475 | D:6      | Found a runed translucent gate.
  5475 | D:6      | Found a runed translucent gate.
  5475 | D:6      | Found a runed translucent gate.
  5475 | D:6      | Noticed a kobold demonologist
  5475 | D:6      | Noticed Ykky's ghost (novice VSGl)
  5475 | D:6      | Identified the +2 whip of Ruination {drain, +Inv rF+ Str+4
                  | Dex+6}
  5507 | D:6      | Found a staircase to the Ecumenical Temple.
  5511 | D:6      | Reached skill level 12 in Polearms
  5519 | Temple   | Entered the Ecumenical Temple
  5674 | Temple   | Became a worshipper of the Shining One
  5766 | D:7      | Noticed Menkaure
  5773 | D:7      | Killed Menkaure
  5773 | D:7      | Reached XP level 9. HP: 66/68 MP: 9/9
  6293 | D:7      | Found a glowing silver altar of Zin.
  6379 | D:7      | Noticed Joseph
  6415 | D:7      | Killed Joseph
  6415 | D:7      | Reached skill level 13 in Polearms
  6852 | D:7      | Found a snail-covered altar of Cheibriados.
  7541 | D:8      | Reached * piety under the Shining One
  7562 | D:8      | Reached XP level 10. HP: 31/77 MP: 10/10
  7602 | D:8      | Found a staircase to the Lair.
  7871 | D:8      | Noticed Maurice
  7888 | D:8      | Killed Maurice
  7888 | D:8      | Reached skill level 14 in Polearms
  7937 | D:8      | Reached skill level 5 in Armour
  8745 | D:9      | Found a flagged portal.
  8776 | Bailey   | Entered a bailey
  9018 | Bailey   | Noticed an orc knight
  9130 | Bailey   | Killed an orc knight
  9205 | Bailey   | Found an iron altar of Okawaru.
  9339 | D:9      | Noticed a two-headed ogre
  9375 | D:10     | Entered Level 10 of the Dungeon
  9398 | D:10     | Noticed a gargoyle
  9400 | D:10     | Reached skill level 15 in Polearms
  9417 | D:10     | HP: 3/80 [gargoyle/stone arrow (16)]
  9424 | D:10     | Slain by a troll

Skill      XL: |  1  2  3  4  5  6  7  8  9 10 |
---------------+-------------------------------+-----
Polearms       | 5 6 7 8 10 12 13 15 | 15.0
Armour         | 1 2 3 4 5 |  5.6
Fighting       | 3 4 5 6 7 |  7.9
Dodging        | 5 7 |  7.5
Throwing       | |  2.4

Action                   |  1- 3 |  4- 6 |  7- 9 | 10-12 || total
-------------------------+-------+-------+-------+-------++-------
Melee: Trident           |   111 |   166 |   497 |   191 ||   965
Throw: Throwing net      |     1 |     4 |       |       ||     5
       Stone             |    16 |    34 |   119 |    63 ||   232
       Tomahawk          |       |       |       |    13 ||    13
Evoke: Wand              |       |       |       |     4 ||     4
  Use: Scroll            |     1 |     4 |     4 |     2 ||    11
       Potion            |       |       |     3 |     2 ||     5
 Stab: Held in net/web   |       |     2 |       |       ||     2
  Eat: Chunk             |       |     5 |     8 |     4 ||    17
       Ration            |       |       |     3 |       ||     3
Armor: Leather armour    |     4 |       |       |       ||     4
       Ring mail         |    21 |    39 |   114 |    28 ||   202
Dodge: Dodged            |    69 |    57 |   250 |    90 ||   466
